Nobbs, neutral male human Tourist ---------- |........-# --------------- --------- |........|# |...........{.| #######........| |........|### |.............| |.......| |........| # ------------ #*.[...........| ........| #-........| ### |...........#####|.............| -.------- #---------- # |....(.....| -.-|----------- # ### ##............ ########### ### # |.......>..| # # # # ------------ ############# # # ---------|-# # # |.......I^|############### ---------# |........I| ---.--.---- |%*[%...|# |<.........########-.........| |).*.![.-# |.........| |.{.......| |[[..%..| |......{..| ..........| |%?.([..| ----------- ----------- |)!.%!?.| --------- Nobbs the Sightseer Experience level: 5 Strength: 13 Dexterity: 12 Constitution: 16 Intelligence: 13 Wisdom: 7 Charisma: 18 Health: 0(37) Energy: 19(19) Def: 10 Gold: 110 Moves: 4620 Dungeon seed: 317Myx6d1dXvUAG1 Game ID: Nobbs_1510418103 Your Inventory: Coins $ - 110 gold pieces Wands E - a wand of locking (0:6) K - a wand of undead turning (0:3) O - a wand of probing (0:7) Weapons a - 15 +2 darts (in quiver) p - 13 +0 darts u - a +0 dagger (weapon in hand) B - a +0 orcish dagger D - 10 +0 arrows Armor e - an uncursed +0 Hawaiian shirt (being worn) n - an uncursed +0 leather armor (being worn) q - an uncursed +0 pair of gauntlets of dexterity (being worn) r - an uncursed +0 pair of water walking boots (being worn) y - an uncursed +0 dwarvish iron helm (being worn) z - a blessed +1 cloak of protection (being worn) Comestibles b - 10 uncursed food rations c - 5 uncursed slime molds d - an uncursed egg f - 2 uncursed carrots o - an uncursed cram ration Scrolls h - 2 blessed scrolls of magic mapping i - 2 uncursed scrolls of magic mapping l - a cursed scroll of fire v - an uncursed scroll of light G - a blessed scroll of identify J - a cursed scroll of light L - 2 uncursed scrolls of earth Q - an uncursed scroll of enchant weapon Potions g - 2 uncursed potions of extra healing m - an uncursed potion of gain ability x - 2 uncursed potions of water F - a cursed potion of levitation I - an uncursed potion of sleeping Rings A - an uncursed ring of invisibility M - an uncursed ring of protection from shape changers N - an uncursed ring of polymorph control Tools j - an expensive camera (0:76) k - an uncursed credit card Spells and supernatural/magical abilities: Name Level Category Fail Memory W - pray for help -- divine ? -- Your skills at the end: Fighting Skills Weapon Skills dart [Basic] Spellcasting Skills Final Attributes: You were piously aligned. You were telepathic. You could walk on water. You were protected. You are dead. Vanquished creatures: a large mimic a small mimic a rock piercer a fog cloud a shrieker 3 kobold mummies a ghoul a floating eye a homunculus 3 hill orcs a centipede a giant bat 2 dwarf zombies a wererat a werejackal 2 acid blobs a coyote 3 gas spores a hobbit 10 manes a large kobold a hobgoblin a giant rat 4 cave spiders 2 green molds 2 gnomes 3 garter snakes 4 geckos 10 jackals a kobold a goblin 3 grid bugs a bat 2 lichens 6 kobold zombies 6 newts 85 creatures vanquished. Voluntary challenges: You had followed a strict vegan diet until turn 1991. You had followed a strict vegetarian diet until turn 1991. You were an atheist. You used a wielded weapon 7 times, starting on turn 2644. You read items or engraved 370 times, starting on turn 495. You never genocided any monsters. You never polymorphed an object. You never changed form. You used no wishes. You never split a pudding. You wrote Elbereth's name 356 times, starting on turn 495. You never violated your personal moral code. Dungeon overview: The Dungeons of Doom: levels 1 to 8 Level 1 a sink a long staircase Level 2 a weapon shop, a fountain Level 3 some fountains, a sink Level 4 a fountain stairs to The Gnomish Mines Level 5 <- You were here a general store, some fountains Level 6 many fountains Level 7 stairs to Sokoban Level 8 The Gnomish Mines: Level 5 stairs to The Dungeons of Doom Sokoban: levels 5 to 6 Level 5 Level 6 stairs to The Dungeons of Doom History has recorded: On T:1 you entered the Dungeons of Doom to retrieve the Amulet of Yendor! On T:290 you reached level 2 of The Dungeons of Doom. On T:518 you reached level 3 of The Dungeons of Doom. On T:1203 you advanced to experience level 2. On T:1560 you reached level 4 of The Dungeons of Doom. On T:1578 you reached level 1 of The Gnomish Mines. On T:1864 you reached level 5 of The Dungeons of Doom. On T:1986 you advanced to experience level 3. On T:2116 you reached level 6 of The Dungeons of Doom. On T:2400 you advanced to experience level 4. On T:2807 you advanced to experience level 5. On T:2981 you reached level 8 of The Dungeons of Doom. On T:3104 you reached level 7 of The Dungeons of Doom. On T:3119 you reached level 4 of Sokoban. On T:3578 you reached level 3 of Sokoban. Score breakdown: Gold: 0 ( 0 points) Experience: 5 levels (11141 points) Exploration: 8 levels ( 16.67%) (11577 points) Discoveries: 3 items ( 1.01%) ( 3010 points) Valuables value: (no points given unless you survive) Artifact value: 0 ( 0 points) Variety of kills: 36 monsters ( 9.45%) ( 9221 points) Turncount: 4620 turns (-1237 points) Survival: died (score multiplied by 80%) Total score: 26969 Latest messages: Where do you want to travel to? You stop travelling. The kobold mummy hits! You stop. Fuffy is in the way! You displace Fuffy. You hear some noises. Fuffy picks up a mummy wrapping. You hear some noises. The hill orc is killed! The jackal is killed! There is an open door here. You see here a red gem. Fuffy picks up a mummy wrapping. Fuffy drops a mummy wrapping. The hobgoblin wields a curved sword! A cloud of gas puts you to sleep! It misses. It hits! (3x) It misses. (2x) It hits! (2x) You die... Final status: Aloha Nobbs the Tourist, killed by a hobgoblin, while sleeping... You died in The Dungeons of Doom on dungeon level 5 with 26969 points, and 110 pieces of gold, after 4620 moves. You were level 5 with a maximum of 37 hit points when you died.